XFBL
SAN FRANCISCO GIANTS @ LOS ANGELES DODGERS
08/12/1982
 
TOP OF THE 1ST
San Francisco Giants batting - Pitching for Los Angeles Dodgers : LHP Dave Righetti
Pitching: LHP Dave Righetti
Batting: SHB Kevin Bass 0-0: Swinging Strike
0-1: Called Strike
0-2: Ball
1-2: Ball
2-2: Strikes out swinging
Batting: RHB Kevin Howard 0-0: Called Strike
0-1: Ball
1-1: Ground out 4-3 (Groundball, 4, EV 103.1 MPH)
Batting: LHB Keith Hernandez 0-0: Ball
1-0: Ball
2-0: Foul Ball, location: 2F
2-1: Foul Ball, location: 2F
2-2: Ground out 6-3 (Groundball, 56, EV 103.1 MPH)
Top of the 1st over - 0 runs, 0 hits, 0 errors, 0 left on base; San Francisco 0 - Los Angeles 0
BOTTOM OF THE 1ST
Los Angeles Dodgers batting - Pitching for San Francisco Giants : RHP Tom Owens
Pitching: RHP Tom Owens
Batting: RHB Billy Sample 0-0: Called Strike
0-1: Foul Ball, location: 2F
0-2: Ball
1-2: Foul Ball, location: 2F
1-2: Ball
2-2: Foul Ball, location: 2F
2-2: Foul Ball, location: 2F
2-2: Ball
3-2: Base on Balls
Batting: RHB Carney Lansford 0-0: Fielders Choice at 2nd, 6-4 (Groundball, 6, EV 100.0 MPH)
Batting: RHB Jerry Keller 0-0: Called Strike
Carney Lansford steals 2nd base
0-1: Called Strike
0-2: Strikes out swinging
Batting: RHB Dick Davis 0-0: Ball
1-0: Ball
2-0: Called Strike
2-1: Swinging Strike
2-2: Foul Ball, location: 2F
2-2: Ball
3-2: Base on Balls
Batting: LHB Darren Daulton 0-0: Ball
1-0: Foul Ball, location: 2F
1-1: Ground out 4-3 (Groundball, 34D, EV 88.8 MPH)
Bottom of the 1st over - 0 runs, 0 hits, 0 errors, 2 left on base; San Francisco 0 - Los Angeles 0
TOP OF THE 2ND
San Francisco Giants batting - Pitching for Los Angeles Dodgers : LHP Dave Righetti
Batting: RHB Phil Bailey 0-0: Ball
1-0: Called Strike
1-1: Ball
2-1: Foul Ball, location: 2F
2-2: Ball
3-2: SINGLE (Groundball, 56D, EV 101.9 MPH)
Batting: RHB Don Slaught 0-0: Swinging Strike
0-1: Grounds into double play, 4-6-3 (Groundball, 4, EV 81.3 MPH)
Batting: SHB Tyler O'Dell 0-0: SINGLE (Groundball, 34D, EV 96.3 MPH)
Batting: RHB Dickie Thon 0-0: SINGLE (Groundball, 6MD, EV 101.9 MPH)
Tyler O'Dell to second
Runner from 2nd tries for 3rd, OUT! 8-5
Top of the 2nd over - 0 runs, 3 hits, 0 errors, 1 left on base; San Francisco 0 - Los Angeles 0
BOTTOM OF THE 2ND
Los Angeles Dodgers batting - Pitching for San Francisco Giants : RHP Tom Owens
Batting: RHB Roberto Reyes 0-0: Ball
1-0: Called Strike
1-1: Ball
2-1: Ball
3-1: Base on Balls
Batting: SHB Spike Owen 0-0: Ball
Roberto Reyes steals 2nd base
1-0: Called Strike
1-1: SINGLE (Line Drive, 4D, EV 94.4 MPH)
Roberto Reyes to third
Throwing error, E8
Roberto Reyes scores
Spike Owen to second
Batting: RHB Tom Watkins 0-0: Called Strike
0-1: Ball
Spike Owen is caught stealing 3rd base 2-5
1-1: SINGLE (Line Drive, 9S, EV 86.9 MPH)
Batting: LHB Dave Righetti 0-0: Ball
1-0: Bunted foul
1-1: Bunted foul
1-2: Bunt missed, Strikeout!
Batting: RHB Billy Sample 0-0: Called Strike
0-1: Ball
1-1: Ball
2-1: Ball
3-1: Base on Balls
Tom Watkins to second
Batting: RHB Carney Lansford 0-0: Ball
1-0: Called Strike
1-1: Ball
2-1: Ball
3-1: Swinging Strike
3-2: SINGLE (Line Drive, 8RS, EV 93.8 MPH)
Tom Watkins to third
Billy Sample to second
Tom Watkins scores
Billy Sample to third
Batting: RHB Jerry Keller 0-0: Ball
1-0: DOUBLE (Flyball, 8RXD, EV 92.5 MPH)
Billy Sample scores
Carney Lansford to third
Runner from 3rd tries for Home, throw by CF and OUT! 8-4-2
Bottom of the 2nd over - 3 runs, 4 hits, 1 error, 1 left on base; San Francisco 0 - Los Angeles 3
TOP OF THE 3RD
San Francisco Giants batting - Pitching for Los Angeles Dodgers : LHP Dave Righetti
Batting: LHB Doug Frobel 0-0: Ball
1-0: Ball
2-0: Ball
3-0: Called Strike
3-1: Called Strike
3-2: Strikes out swinging
Batting: RHB Tom Owens 0-0: Fly out, F9 (Flyball, 9D, EV 108.1 MPH)
Batting: SHB Kevin Bass 0-0: Ball
1-0: Ball
2-0: Called Strike
2-1: Foul Ball, location: 2F
2-2: Ball
3-2: Ground out 4-3 (Groundball, 4MS, EV 86.3 MPH)
Top of the 3rd over - 0 runs, 0 hits, 0 errors, 0 left on base; San Francisco 0 - Los Angeles 3
BOTTOM OF THE 3RD
Los Angeles Dodgers batting - Pitching for San Francisco Giants : RHP Tom Owens
Batting: RHB Dick Davis 0-0: Ball
1-0: Called Strike
1-1: Ball
2-1: Swinging Strike
2-2: Foul Ball, location: 2F
2-2: Foul Ball, location: 2F
2-2: Ball
3-2: Base on Balls
Batting: LHB Darren Daulton 0-0: Foul Ball, location: 2F
0-1: Ball
1-1: Ball
Wild Pitch!
Dick Davis to second
2-1: Foul Ball, location: 2F
2-2: Foul Ball, location: 2F
2-2: Foul Ball, location: 2F
2-2: Ball
3-2: Ground out 4-3 (Groundball, 4, EV 85.0 MPH)
Dick Davis to third
Batting: RHB Roberto Reyes 0-0: Ball
1-0: Foul Ball, location: 2F
1-1: Ball
2-1: Foul Ball, location: 2F
2-2: Ball
3-2: Base on Balls
Batting: SHB Spike Owen 0-0: Called Strike
Roberto Reyes is caught stealing 2nd base 2-6
0-1: Ball
1-1: Ball
2-1: Ball
3-1: Called Strike
3-2: Foul Ball, location: 2F
3-2: Fly out, F8 (Flyball, 8LM, EV 91.9 MPH)
Bottom of the 3rd over - 0 runs, 0 hits, 0 errors, 1 left on base; San Francisco 0 - Los Angeles 3
TOP OF THE 4TH
San Francisco Giants batting - Pitching for Los Angeles Dodgers : LHP Dave Righetti
Batting: RHB Kevin Howard 0-0: Called Strike
0-1: Ball
1-1: Fly out, F8 (Line Drive, 8LM, EV 97.5 MPH)
Batting: LHB Keith Hernandez 0-0: Called Strike
0-1: Ball
1-1: Swinging Strike
1-2: Ball
2-2: Strikes out swinging
Batting: RHB Phil Bailey 0-0: Ball
1-0: Foul Ball, location: 2F
1-1: Swinging Strike
1-2: Ground out 6-3 (Groundball, 6, EV 97.5 MPH)
Top of the 4th over - 0 runs, 0 hits, 0 errors, 0 left on base; San Francisco 0 - Los Angeles 3
BOTTOM OF THE 4TH
Los Angeles Dodgers batting - Pitching for San Francisco Giants : RHP Tom Owens
Batting: RHB Tom Watkins 0-0: Ball
1-0: Called Strike
1-1: Foul Ball, location: 2F
1-2: Ball
2-2: Foul Ball, location: 2F
2-2: Foul Ball, location: 2F
2-2: Foul Ball, location: 2F
2-2: Ball
3-2: Ground out 6-3 (Groundball, 6, EV 86.9 MPH)
Batting: LHB Dave Righetti 0-0: Fly out, F6 (Popup, 6MS, EV 77.5 MPH)
Batting: RHB Billy Sample 0-0: Called Strike
0-1: Foul Ball, location: 2F
0-2: SINGLE (Flyball, 8LS, EV 84.4 MPH)
Batting: RHB Carney Lansford 0-0: Ball
1-0: Called Strike
1-1: Ball
2-1: Ground out U3 (Groundball, 34S, EV 68.8 MPH)
Bottom of the 4th over - 0 runs, 1 hit, 0 errors, 1 left on base; San Francisco 0 - Los Angeles 3
TOP OF THE 5TH
San Francisco Giants batting - Pitching for Los Angeles Dodgers : LHP Dave Righetti
Batting: RHB Don Slaught 0-0: SINGLE (Line Drive, 89S, EV 93.8 MPH)
Batting: SHB Tyler O'Dell 0-0: Ball
1-0: Foul Ball, location: 2F
1-1: Ball
2-1: DOUBLE (Flyball, 78D, EV 95.6 MPH)
Don Slaught to third
Batting: RHB Dickie Thon 0-0: Called Strike
0-1: Called Strike
0-2: Strikes out swinging
Batting: LHB Doug Frobel 0-0: Ball
1-0: Swinging Strike
Balk!
Don Slaught scores
Tyler O'Dell to third
1-1: Foul Ball, location: 2F
1-2: Ball
2-2: Foul Ball, location: 2F
2-2: Foul Ball, location: 2F
2-2: Strikes out swinging
Batting: RHB Tom Owens 0-0: Ball
1-0: Called Strike
1-1: Ground out 3-1 (Groundball, 34, EV 90.6 MPH)
Top of the 5th over - 1 run, 2 hits, 0 errors, 1 left on base; San Francisco 1 - Los Angeles 3
BOTTOM OF THE 5TH
Los Angeles Dodgers batting - Pitching for San Francisco Giants : RHP Tom Owens
Batting: RHB Jerry Keller 0-0: Ball
1-0: Foul Ball, location: 2F
1-1: Ball
2-1: Foul Ball, location: 2F
2-2: SOLO HOME RUN (Flyball, 78XD, EV 96.9 MPH), Distance : 429 ft
Batting: RHB Dick Davis 0-0: Called Strike
0-1: Ball
1-1: Ball
2-1: Ball
3-1: Base on Balls
Pitching: RHP Dave Frost
Batting: LHB Darren Daulton 0-0: Ball
1-0: Ball
2-0: Ball
3-0: Base on Balls
Dick Davis to second
Batting: RHB Roberto Reyes 0-0: Foul Ball, location: 2F
0-1: Ball
1-1: Sac Bunt to 13 - play at first, batter OUT! 1-4
Dick Davis to third
Darren Daulton to second
Batting: SHB Spike Owen 0-0: Ball
1-0: Ball
2-0: Foul Ball, location: 2F
2-1: Ground out 4-3 (Groundball, 4MS, EV 91.3 MPH)
Dick Davis scores
Darren Daulton to third
Batting: RHB Tom Watkins 0-0: Ball
1-0: SINGLE (Line Drive, 78S, EV 106.9 MPH)
Darren Daulton scores
Batting: LHB Dave Righetti 0-0: Called Strike
0-1: Foul Ball, location: 2F
0-2: Ball
1-2: Ball
2-2: Fielders Choice at 2nd, 5-4 (Groundball, 56, EV 101.9 MPH)
Bottom of the 5th over - 3 runs, 2 hits, 0 errors, 1 left on base; San Francisco 1 - Los Angeles 6
TOP OF THE 6TH
San Francisco Giants batting - Pitching for Los Angeles Dodgers : LHP Dave Righetti
Batting: SHB Kevin Bass 0-0: Called Strike
0-1: SINGLE (Groundball, 56S, EV 70.0 MPH) (infield hit)
Batting: RHB Kevin Howard 0-0: Ball
Kevin Bass is caught stealing 2nd base 2-4
1-0: Ball
2-0: Ball
3-0: Called Strike
3-1: Called Strike
3-2: Ground out 6-3 (Groundball, 6, EV 92.5 MPH)
Batting: LHB Keith Hernandez 0-0: Called Strike
0-1: Ground out 5-3 (Groundball, 56, EV 104.4 MPH)
Top of the 6th over - 0 runs, 1 hit, 0 errors, 0 left on base; San Francisco 1 - Los Angeles 6
BOTTOM OF THE 6TH
Los Angeles Dodgers batting - Pitching for San Francisco Giants : RHP Dave Frost
Batting: RHB Billy Sample 0-0: SINGLE (Line Drive, 56D, EV 100.6 MPH)
Batting: RHB Carney Lansford 0-0: Ball
1-0: Foul Ball, location: 2F
1-1: Ball
2-1: Swinging Strike
2-2: Foul Ball, location: 2F
2-2: Fielders Choice at 2nd, 6-4 (Groundball, 56, EV 81.3 MPH)
Batting: RHB Jerry Keller 0-0: Called Strike
0-1: Called Strike
Carney Lansford is caught stealing 2nd base 2-4
0-2: Ball
1-2: Foul Ball, location: 2F
1-2: SINGLE (Groundball, 6MD, EV 103.8 MPH)
Batting: RHB Dick Davis 0-0: Called Strike
0-1: Called Strike
0-2: Ground out U3 (Groundball, 23, EV 84.4 MPH)
Bottom of the 6th over - 0 runs, 2 hits, 0 errors, 1 left on base; San Francisco 1 - Los Angeles 6
TOP OF THE 7TH
San Francisco Giants batting - Pitching for Los Angeles Dodgers : LHP Dave Righetti
Batting: RHB Phil Bailey 0-0: Called Strike
0-1: Ball
1-1: Ball
2-1: Ball
3-1: Called Strike
3-2: Foul Ball, location: 2F
3-2: Ground out U3 (Groundball, 34, EV 95.6 MPH)
Batting: RHB Don Slaught 0-0: Swinging Strike
0-1: Ball
1-1: Ball
2-1: Called Strike
2-2: Ball
3-2: SINGLE (Line Drive, 89S, EV 113.8 MPH)
Batting: SHB Tyler O'Dell 0-0: Foul Ball, location: 2F
0-1: Fly out, F1 (Line Drive, P, EV 75.6 MPH)
Batting: RHB Dickie Thon 0-0: Ground out 4-3 (Groundball, 34, EV 103.1 MPH)
Top of the 7th over - 0 runs, 1 hit, 0 errors, 1 left on base; San Francisco 1 - Los Angeles 6
BOTTOM OF THE 7TH
Los Angeles Dodgers batting - Pitching for San Francisco Giants : RHP Dave Frost
Batting: LHB Darren Daulton 0-0: Foul Ball, location: 2F
0-1: Called Strike
0-2: Ball
1-2: Ball
2-2: Ball
3-2: SINGLE (Line Drive, 89M, EV 102.5 MPH)
Batting: RHB Roberto Reyes 0-0: Called Strike
Darren Daulton steals 2nd base
0-1: SINGLE (Flyball, 8LS, EV 86.9 MPH)
Darren Daulton to third
Runner from 3rd tries for Home, throw by CF and OUT! 8-2
Batting: SHB Spike Owen 0-0: Ball
1-0: Foul Ball, location: 2F
1-1: Ball
2-1: SINGLE (Line Drive, 7S, EV 108.8 MPH)
Roberto Reyes to second
Batting: RHB Tom Watkins 0-0: Ball
1-0: Reached on error, E8 (Flyball, 8LXD, EV 107.5 MPH)
Roberto Reyes scores
Spike Owen to third
Batting: LHB Dave Righetti 0-0: Swinging Strike
0-1: Swinging Strike
0-2: Ball
1-2: Strikes out looking
Batting: RHB Billy Sample 0-0: Ground out 6-3 (Groundball, 6M, EV 92.5 MPH)
Bottom of the 7th over - 1 run, 3 hits, 1 error, 2 left on base; San Francisco 1 - Los Angeles 7
TOP OF THE 8TH
San Francisco Giants batting - Pitching for Los Angeles Dodgers : LHP Dave Righetti
Batting: LHB Doug Frobel 0-0: Ball
1-0: Swinging Strike
1-1: Ball
2-1: Ball
3-1: Foul Ball, location: 2F
3-2: Foul Ball, location: 2F
3-2: Strikes out swinging
Pinch Hitting: LHB Kevin Christensen 0-0: Called Strike
0-1: Swinging Strike
0-2: Ball
1-2: Ball
2-2: Fly out, F8 (Line Drive, 8RD, EV 100.0 MPH)
Batting: SHB Kevin Bass 0-0: Ground out 1-3 (Groundball, 15S, EV 71.3 MPH)
Top of the 8th over - 0 runs, 0 hits, 0 errors, 0 left on base; San Francisco 1 - Los Angeles 7
BOTTOM OF THE 8TH
Los Angeles Dodgers batting - Pitching for San Francisco Giants : RHP Dave Frost
Pitching: LHP Ken Brett
Batting: RHB Carney Lansford 0-0: Ball
1-0: Fly out, F9 (Flyball, 9LM, EV 84.4 MPH)
Batting: RHB Jerry Keller 0-0: Swinging Strike
0-1: Swinging Strike
0-2: Foul Ball, location: 2F
0-2: Foul Ball, location: 2F
0-2: Ball
1-2: Single, Error in OF, E8, batter to second base (Groundball, 6MD, EV 110.6 MPH)
Batting: RHB Dick Davis 0-0: Ball
1-0: Ground out 4-3 (Groundball, 34, EV 91.3 MPH)
Jerry Keller to third
Batting: LHB Darren Daulton 0-0: Foul Ball, location: 2F
0-1: Ball
1-1: Ball
2-1: Fly out, F9 (Flyball, 9LM, EV 81.9 MPH)
Bottom of the 8th over - 0 runs, 1 hit, 1 error, 1 left on base; San Francisco 1 - Los Angeles 7
TOP OF THE 9TH
San Francisco Giants batting - Pitching for Los Angeles Dodgers : LHP Dave Righetti
Batting: RHB Kevin Howard 0-0: Ball
1-0: Ground out 6-3 (Groundball, 6, EV 93.1 MPH)
Batting: LHB Keith Hernandez 0-0: Ball
1-0: Fly out, F8 (Flyball, 89D, EV 103.8 MPH)
Batting: RHB Phil Bailey 0-0: Called Strike
0-1: Ground out 5-3 (Groundball, 56, EV 83.8 MPH)
Top of the 9th over - 0 runs, 0 hits, 0 errors, 0 left on base; San Francisco 1 - Los Angeles 7
Friday, August 21st, 2020 - OOTP Baseball 21.5 Build 76